 Dungeon Crawl Stone Soup version 0.17-a0-1519-g2001520 (webtiles) character file.

49616 nubinia the Thaumaturge (level 14, -1/76 HPs)
             Began as a Deep Elf Wizard on July 13, 2015.
             Was a High Priest of Vehumet.
             Killed from afar by a tengu reaver (39 damage)
             ... with a bolt of lightning
             ... on level 12 of the Dungeon.
             The game lasted 03:25:46 (25457 turns).

nubinia the Thaumaturge (Deep Elf Wizard)          Turns: 25457, Time: 03:25:48

Health: -1/76      AC:  7    Str:  9    XL:     14   Next: 16%
Magic:  6/34       EV: 19    Int: 28    God:    Vehumet [*****.]
Gold:   1504       SH:  5    Dex: 17    Spells: 13 memorised, 4 levels left

rFire  + + .     SeeInvis +     b - +11 rapier "Coann" {elec, rPois Str+4 Stlth+}
rCold  . . .     Clarity  .     k - +0 robe {rN+}
rNeg   + + .     SustAt   .     s - +0 buckler of Bocsox {-Tele Regen+ Dex+2}
rPois  +         Gourm    .     z - +1 helmet of Wonder {rPois rN+ MR- Regen+}
rElec  .         Spirit   .     c - +1 cloak {rPois}
rCorr  +         Warding  .     q - +0 pair of gloves
rMut   .         NoTele   +     (no boots)
MR     .....                    y - amulet of resist corrosion
Stlth  ++++++....               r - ring of protection from fire
                                T - ring of protection from fire

@: swift, repel missiles, quick, not resistant to hostile enchantments, very
stealthy
A: hooves 1, see invisible, clever 1, spit poison 1, no device heal 1
a: Spit Poison, Renounce Religion


You were on level 12 of the Dungeon.
You worshipped Vehumet.
Vehumet was extremely pleased with you.
You were not hungry.

You visited 3 branches of the dungeon, and saw 20 of its levels.
You also visited: Labyrinth and Volcano.

You collected 1504 gold pieces.

Inventory:

Hand weapons
 a - a +2 trident of protection
 b - the +11 rapier "Coann" (weapon) {elec, rPois Str+4 Stlth+}
   (You found it on level 4 of the Lair of Beasts)

   Occasionally, upon striking a foe, it will discharge some electrical energy
   and cause terrible harm.
   It affects your strength (+4).
   It protects you from poison.
   It makes you more stealthy.
 A - the cursed +3 war axe of Ose Dipi {chop, rF+ Int+3}
   (You found it on level 12 of the Dungeon)

   It inflicts extra damage upon your enemies.
   It affects your intelligence (+3).
   It protects you from fire.
   It has a curse placed upon it.
 B - a +0 blowgun
 K - a +3 dagger
Missiles
 d - 5 curare-tipped needles
 C - 116 poisoned needles
Armour
 c - a +1 cloak of poison resistance (worn)
 i - a +2 robe of fire resistance
 k - a +0 robe of positive energy (worn)
 q - a +0 pair of gloves (worn)
 s - the +0 buckler of Bocsox (worn) {-Tele Regen+ Dex+2}
   (You acquired it on level 8 of the Dungeon)

   It affects your dexterity (+2).
   It prevents most forms of teleportation.
   It increases your rate of regeneration.
 z - the +1 helmet of Wonder (worn) {rPois rN+ MR- Regen+}
   (You found it in a labyrinth)

   It protects you from poison.
   It protects you from negative energy.
   It affects your resistance to hostile enchantments.
   It increases your rate of regeneration.
Jewellery
 j - an uncursed ring of wizardry
 r - a ring of protection from fire (right hand)
 y - an amulet of resist corrosion (around neck)
 D - an uncursed ring of flight
 T - a ring of protection from fire (left hand)
 U - a +2 ring of evasion
Magical devices
 h - a wand of cold (3)
 m - a wand of lightning (10)
 u - a wand of lightning (7)
 x - a wand of hasting (4)
 Z - a wand of digging (12)
Scrolls
 g - 5 scrolls of teleportation
 n - 9 scrolls of remove curse
 H - 4 scrolls of enchant armour
 O - 2 scrolls of fear
 Q - 2 scrolls of fog
 V - 3 scrolls of recharging
 Y - 7 scrolls of identify
Potions
 e - a potion of resistance {unknown}
 l - 3 potions of might
 v - a potion of flight
 w - 2 potions of heal wounds
 G - 11 potions of curing
 L - 4 potions of brilliance
 S - 2 potions of berserk rage
Books
 o - a book of Burglary

   Spells                             Type                      Level
   a - Swiftness                      Charms/Air                   2
   b - Passwall                       Transmutation/Earth          3
   c - Passage of Golubria            Translocation                4
   d - Lee's Rapid Deconstruction     Earth                        5
   e - Invisibility                   Hexes                        6
   f - Darkness                       Hexes                        7
 p - the Reference Book on Summoning
   (You found it on level 11 of the Dungeon)

   Spells                             Type                      Level
   a - Summon Small Mammal            Summoning                    1
   b - Summon Ice Beast               Ice/Summoning                4
   c - Summon Lightning Spire         Summoning/Air                4
Comestibles
 f - 39 fruits


   Skills:
 + Level 4.7 Fighting
 + Level 3.2 Short Blades
 + Level 3.1(3.3) Polearms
   Level 2.3(3.6) Staves
 + Level 4.6 Throwing
 + Level 3.2 Armour
 + Level 10.5 Dodging
 + Level 11.3 Stealth
 + Level 2.0 Shields
 + Level 14.7 Spellcasting
 + Level 10.9 Conjurations
 + Level 9.1 Hexes
 + Level 0.4 Charms
   Level 1.1 Summonings
 + Level 1.1 Translocations
 + Level 3.8 Transmutations
 + Level 3.9 Fire Magic
 + Level 6.0 Air Magic
 - Level 6.0 Poison Magic
 + Level 0.4 Evocations


You had 4 spell levels left.
You knew the following spells:

 Your Spells              Type           Power        Failure   Level  Hunger
a - Magic Dart            Conj           ####         1%          1    None
b - Dazzling Spray        Conj/Hex       ######..     1%          3    None
c - Mephitic Cloud        Conj/Pois/Air  ######..     1%          3    None
d - Conjure Flame         Conj/Fire      ######..     1%          3    None
e - Shock                 Conj/Air       ####         1%          1    None
f - Ignite Poison         Fire/Trmt/Pois #####...     1%          3    None
g - Throw Icicle          Conj/Ice       ######..     1%          4    None
h - Iskenderun's Mystic   Conj           ######..     1%          4    None
i - Olgreb's Toxic Radia  Pois           ######..     1%          4    None
j - Poisonous Cloud       Conj/Pois/Air  ######....   7%          6    ####...
k - Swiftness             Chrm/Air       #####...     1%          2    None
r - Repel Missiles        Chrm/Air       #####.       1%          2    None
B - Blink                 Tloc           N/A          3%          2    None


Dungeon Overview and Level Annotations

Branches:
Dungeon (12/15)            Temple (1/1) D:6            Lair (7/8) D:10
  Swamp (0/4) Lair:4        Snake (0/4) Lair:4
  Slime: Lair:6-8       Orc: D:9-12

Altars:
Ashenzari
Cheibriados
Dithmenos
Elyvilon
Fedhas
Gozag
Kikubaaqudgha
Makhleb
Nemelex Xobeh
Okawaru
Qazlal
Ru
Sif Muna
Trog
Vehumet
Xom
Yredelemnul
Zin
The Shining One

Shops:
D:5 (

Annotations:
D:2 Sigmund
D:6 exclusion: statue
Lair:7 shining eye!


Innate Abilities, Weirdness & Mutations

You have large cloven feet.
You have supernaturally acute eyesight.
Your mind is acute. (Int +2)
You can spit weak poison.
Potions and wands are less effective at restoring your health.


Message History

The tengu reaver is engulfed in roaring flames.
The battlesphere is engulfed in freezing vapours.
The tengu reaver points at you and mumbles some strange words.
The bolt of lightning misses you.
The battlesphere fires!
The barrage of energy hits you!
The battlesphere is engulfed in freezing vapours.
Drink which item? (? for menu, Esc to quit)
You feel much better.
The battlesphere is engulfed in freezing vapours. x2
Casting: Mephitic Cloud
Confirm with . or Enter, or press ? or * to list all spells.
Okay, then.
Casting: Mephitic Cloud
Confirm with . or Enter, or press ? or * to list all spells.
You feel quick.
The tengu reaver is engulfed in freezing vapours.
The tengu reaver casts a spell at you. The bolt of lightning hits you!
Ouch! That really hurt!
You die...

#.#≈≈≈)...§..≈§≈#≈≈§......
#.#≈≈≈≈....§§§≈≈#≈≈≈§.....
#)#≈≈≈≈§...≈§≈§≈#≈≈≈≈§..)≈
#)#≈≈≈≈≈≈.§§≈§§≈#≈≈≈≈≈≈.≈≈
########.#######'################
.........#§§≈≈≈≈.§≈≈≈≈§#
.........#§≈§≈≈...≈≈≈≈§#
.........#§≈≈§.....≈§§§#
####.....#≈≈≈...@...≈≈≈# .. #
#.....#≈≈..⌠..§D.§≈≈# ≈..⌠ #
#.....#≈§.....§§...≈#§.§.. #
####..#§§...(*.§Q...'.§... #
#..#§§..........≈#≈.... #
#..#§§..⌠...⌠..≈≈# ..⌠ #
#..#§§§.......§≈≈# . #
##.#≈§§§§§...≈≈≈≈# #
#.#≈§≈≈≈...≈≈≈≈§#


You could see a tengu reaver and a six-headed hydra.

Vanquished Creatures
  Gastronok (D:8)
  A minotaur (Lab)
  An ettin (D:12)
  10 hydras
  A catoblepas (Lair:4)
  4 death yaks
  Urug (Lair:4)
  Sonja (Lair:4)
  3 unseen horrors
  An orc knight (D:12)
  4 hill giants
  An ugly thing (D:12)
  10 spiny frogs
  4 elephants (Lair:6)
  2 molten gargoyles (Volcano)
  3 black mambas
  A torpor snail (Lair:6)
  2 gargoyles (Volcano)
  3 komodo dragons
  An efreet (Volcano)
  A fire drake (Lair:3)
  A kobold demonologist (D:12)
  A polar bear (Lair:7)
  A troll (D:11)
  Prince Ribbit (D:6)
  A water elemental (D:12)
  4 blink frogs (Lair:5)
  A trapdoor spider (D:9)
  A shadow (D:12)
  2 wyverns
  6 basilisks
  A fire elemental (Volcano)
  22 yaks
  Grum (D:9)
  A steam dragon (D:7)
  8 wolves
  13 water moccasins
  A wraith (D:12)
  5 hungry ghosts
  5 hippogriffs
  A naga (Lair:4)
  9 orc warriors
  15 porcupines
  2 wasps
  6 sky beasts
  A black bear (Lair:6)
  5 ice beasts
  A phantom (D:12)
  7 ogres
  2 eyes of draining
  6 centaurs
  2 big kobolds (D:8)
  8 crocodiles
  17 giant frogs
  An earth elemental (Volcano)
  2 scorpions
  2 wyvern skeletons
  6 killer bees (D:12)
  6 wights
  6 crimson imps
  5 electric eels (D:9)
  3 giant frog zombies
  6 jellies
  11 hounds
  9 centaur skeletons
  Crazy Yiuf (D:3)
  6 lava snakes
  14 orc wizards
  Jessica (D:2)
  A giant frog skeleton (D:6)
  11 orc priests
  12 hell rats (Lair:4)
  10 worker ants
  Natasha (thrice) (D:3)
  12 iguanas
  14 sheep
  A hound skeleton (D:9)
  Robin (D:3)
  16 adders
  85 river rats
  4 gnolls (D:6)
  A shadow imp (D:6)
  An ooze (D:2)
  5 adder skeletons
  2 adder zombies
  5 worms
  3 giant geckos
  40 orcs
  19 bats
  A bat skeleton (D:6)
  10 giant cockroaches
  23 goblins
  29 hobgoblins
  5 jackals
  7 quokkas
  A ball python (D:1)
  6 giant newts
  A jackal skeleton (D:7)
  21 kobolds
  A quokka skeleton (D:5)
  22 rats
  A fire vortex (D:12)
  A fungus (Lair:3)
  A plant (D:9)
669 creatures vanquished.

Vanquished Creatures (others)
  A porcupine (Lair:3)
  A worker ant (D:9)
  2 fire vortices
  13 fungi
  4 plants
21 creatures vanquished.

Grand Total: 690 creatures vanquished

Notes
Turn   | Place    | Note
--------------------------------------------------------------
     0 | D:1      | nubinia the Deep Elf Wizard began the quest for the Orb.
     0 | D:1      | Reached XP level 1. HP: 10/10 MP: 7/7
   270 | D:1      | Reached XP level 2. HP: 15/15 MP: 6/9
   300 | D:1      | Learned a level 2 spell: Blink
   303 | D:1      | Learned a level 2 spell: Repel Missiles
   470 | D:1      | Reached skill level 5 in Spellcasting
  1137 | D:2      | Reached XP level 3. HP: 19/19 MP: 8/11
  1142 | D:2      | Learned a level 3 spell: Mephitic Cloud
  1146 | D:2      | Learned a level 3 spell: Conjure Flame
  1220 | D:2      | Found an opulent altar of Gozag.
  1246 | D:2      | Noticed Jessica
  1256 | D:2      | Killed Jessica
  1417 | D:2      | Reached skill level 6 in Spellcasting
  1417 | D:2      | Reached XP level 4. HP: 21/24 MP: 11/14
  1507 | D:2      | Found a shadowy altar of Dithmenos.
  1633 | D:2      | Noticed Sigmund
  2326 | D:3      | Noticed Robin
  2644 | D:3      | Reached XP level 5. HP: 28/28 MP: 11/16
  2711 | D:3      | Noticed Natasha
  2719 | D:3      | Killed Robin
  2763 | D:3      | Killed Natasha
  2912 | D:3      | Noticed Natasha
  3080 | D:3      | Killed Natasha
  3231 | D:3      | Noticed Crazy Yiuf
  3241 | D:3      | Killed Crazy Yiuf
  3345 | D:3      | Noticed Natasha
  3348 | D:3      | Killed Natasha
  3835 | D:4      | Reached XP level 6. HP: 33/33 MP: 10/17
  3851 | D:4      | Reached skill level 7 in Spellcasting
  5198 | D:4      | Reached XP level 7. HP: 37/37 MP: 9/19
  5376 | D:5      | Entered Level 5 of the Dungeon
  5592 | D:5      | Found Sooxen's Antique Weapon Emporium.
  5682 | D:5      | Gained mutation: Your natural rate of healing is unusually fast. [potion of beneficial mutation]
  5835 | D:5      | Reached skill level 5 in Conjurations
  6044 | D:5      | Reached skill level 1 in Air Magic
  6127 | D:5      | Reached skill level 8 in Spellcasting
  6127 | D:5      | Reached skill level 1 in Poison Magic
  6473 | D:5      | Reached skill level 1 in Fighting
  6502 | D:5      | Reached XP level 8. HP: 31/43 MP: 13/22
  6592 | D:5      | Found an iron altar of Okawaru.
  6624 | D:5      | Found a bloodstained altar of Trog.
  6651 | D:5      | Reached skill level 1 in Throwing
  6905 | D:5      | Found a burning altar of Makhleb.
  7034 | D:6      | Found an ancient bone altar of Kikubaaqudgha.
  7176 | D:6      | Reached skill level 5 in Stealth
  7241 | D:6      | Noticed Prince Ribbit
  7254 | D:6      | Killed Prince Ribbit
  7254 | D:6      | Reached skill level 1 in Staves
  7254 | D:6      | Reached skill level 9 in Spellcasting
  7314 | D:6      | Found a radiant altar of Vehumet.
  7390 | D:6      | Found a staircase to the Ecumenical Temple.
  7449 | Temple   | Entered the Ecumenical Temple
  7852 | D:6      | Became a worshipper of Vehumet
  7901 | D:6      | Reached skill level 10 in Spellcasting
  7901 | D:6      | Reached skill level 1 in Fire Magic
  7901 | D:6      | Reached XP level 9. HP: 37/47 MP: 14/25
  8166 | D:6      | Acquired Vehumet's first power
  8166 | D:6      | Offered knowledge of Flame Tongue by Vehumet.
  8169 | D:6      | Learned a level 1 spell: Flame Tongue
  8341 | D:6      | Found a snail-covered altar of Cheibriados.
  9214 | D:7      | Found an ancient bone altar of Kikubaaqudgha.
  9243 | D:7      | Reached skill level 1 in Polearms
  9360 | D:7      | Found a glowing silver altar of Zin.
  9361 | D:7      | Found a sparkling altar of Nemelex Xobeh.
  9425 | D:7      | Offered knowledge of Shock by Vehumet.
  9428 | D:7      | Learned a level 1 spell: Shock
  9480 | D:7      | Found a deep blue altar of Sif Muna.
  9617 | D:7      | Reached skill level 11 in Spellcasting
  9998 | D:8      | Reached skill level 5 in Dodging
 10047 | D:8      | Found a stormy altar of Qazlal.
 10052 | D:8      | Found a blossoming altar of Fedhas.
 10073 | D:8      | Noticed Gastronok
 10181 | D:8      | Killed Gastronok
 10181 | D:8      | Reached XP level 10. HP: 53/53 MP: 20/27
 10373 | D:8      | Found a snail-covered altar of Cheibriados.
 10427 | D:8      | Found a white marble altar of Elyvilon.
 10563 | D:8      | Identified a scroll of acquirement
 10564 | D:8      | Got a dazzling buckler
 10570 | D:8      | Identified the +0 buckler of Bocsox {-Tele Regen+ Dex+2} (You acquired it on level 8 of the Dungeon)
 10838 | D:8      | Reached skill level 1 in Armour
 10853 | D:8      | Gained mutation: You can spit weak poison. [potion of mutation]
 10853 | D:8      | Gained mutation: You have large cloven feet. [potion of mutation]
 10853 | D:8      | Gained mutation: Your mind is acute. (Int +2) [potion of mutation]
 11297 | D:9      | Noticed a hill giant
 11319 | D:9      | Killed a hill giant
 11319 | D:9      | Offered knowledge of Dazzling Spray by Vehumet.
 11319 | D:9      | Reached skill level 12 in Spellcasting
 11324 | D:9      | Learned a level 3 spell: Dazzling Spray
 11427 | D:9      | Gained mutation: Armour fits poorly on your strangely shaped body. [potion of mutation]
 11427 | D:9      | Lost mutation: Your natural rate of healing is unusually fast. [potion of mutation]
 11588 | D:9      | Reached skill level 1 in Hexes
 11683 | D:9      | Acquired Vehumet's second power
 12167 | D:9      | Offered knowledge of Inner Flame by Vehumet.
 12202 | D:9      | Lost mutation: Armour fits poorly on your strangely shaped body. [mutagenic meat]
 12203 | D:9      | Gained mutation: You have supernaturally acute eyesight. [mutagenic meat]
 12575 | D:10     | Entered Level 10 of the Dungeon
 12575 | D:10     | Noticed Grum
 12703 | D:9      | Killed Grum
 12779 | D:10     | Reached XP level 11. HP: 49/58 MP: 29/29
 13230 | D:10     | Acquired Vehumet's third power
 13313 | D:10     | Found a staircase to the Lair.
 13403 | D:10     | Got a brightly glowing quarterstaff
 13409 | D:10     | Identified the +9 quarterstaff "Setik" {venom, rF+ MP+9} (You took it off an orc on level 10 of the Dungeon)
 13503 | D:10     | Offered knowledge of Ignite Poison by Vehumet.
 13508 | D:10     | Learned a level 3 spell: Ignite Poison
 14279 | Lair:1   | Entered Level 1 of the Lair of Beasts
 14662 | Lair:1   | Reached skill level 1 in Transmutations
 14794 | Lair:1   | Offered knowledge of Throw Icicle by Vehumet.
 15314 | Lair:2   | Noticed a seven-headed hydra
 15322 | Lair:2   | Killed a seven-headed hydra
 15322 | Lair:2   | Reached skill level 5 in Hexes
 15422 | Lair:2   | Reached skill level 1 in Shields
 15548 | Lair:2   | Reached XP level 12. HP: 64/64 MP: 21/30
 15574 | Lair:2   | Found a stormy altar of Qazlal.
 16457 | Lair:3   | Reached skill level 13 in Spellcasting
 16462 | Lair:3   | Noticed a five-headed hydra
 16472 | Lair:3   | Killed a five-headed hydra
 16485 | Lair:3   | Noticed a four-headed hydra
 16647 | Lair:3   | Killed a four-headed hydra
 16771 | Lair:3   | Noticed a four-headed hydra
 16782 | Lair:3   | Killed a four-headed hydra
 17154 | Lair:3   | Learned a level 4 spell: Throw Icicle
 17768 | Lair:4   | Found a staircase to the Snake Pit.
 17777 | Lair:4   | Offered knowledge of Iskenderun's Mystic Blast by Vehumet.
 17777 | Lair:4   | Reached skill level 5 in Poison Magic
 17788 | Lair:4   | Found a labyrinth entrance.
 17798 | Lair:4   | Noticed Urug
 17834 | Lair:4   | Killed Urug
 17837 | Lair:4   | Noticed Sonja
 17843 | Lair:4   | Killed Sonja
 17877 | Lab      | Entered a labyrinth
 18458 | Lab      | Noticed a minotaur
 18504 | Lab      | Killed a minotaur
 18512 | Lab      | Got an uncursed polished shortbow
 18518 | Lab      | Identified the +8 shortbow of Wesyxzid {velocity, *Contam rElec Int+2 Dex+4} (You took it off a minotaur in a labyrinth)
 18533 | Lab      | Got a warped helmet
 18544 | Lab      | Identified the +1 helmet of Wonder {rPois rN+ MR- Regen+} (You found it in a labyrinth)
 18546 | Lab      | Got a shimmering tin ring
 18550 | Lab      | Lost strength.
 18550 | Lab      | Identified the ring of the Lonely Tales {SustAt +Blink +Fly Str-5 Stlth+} (You found it in a labyrinth)
 18667 | Lair:4   | Learned a level 4 spell: Iskenderun's Mystic Blast
 18692 | Lair:4   | Reached skill level 5 in Air Magic
 19311 | Lair:4   | Found a staircase to the Swamp.
 19318 | Lair:4   | Noticed a catoblepas
 19331 | Lair:4   | Killed a catoblepas
 19343 | Lair:4   | Got a jewelled rapier
 19344 | Lair:4   | Identified the +11 rapier "Coann" {elec, rPois Str+4 Stlth+} (You found it on level 4 of the Lair of Beasts)
 19724 | Lair:5   | Reached skill level 10 in Conjurations
 19764 | Lair:4   | Reached XP level 13. HP: 60/70 MP: 15/32
 20020 | Lair:5   | Offered knowledge of Spellforged Servitor by Vehumet.
 20305 | Lair:5   | Reached skill level 14 in Spellcasting
 20849 | Lair:6   | Reached skill level 1 in Short Blades
 21263 | Lair:6   | Reached skill level 10 in Stealth
 22028 | Lair:7   | Found a dark tunnel.
 22041 | Volcano  | Entered a volcano
 22105 | Volcano  | Found a radiant altar of Vehumet.
 23130 | Lair:3   | Learned a level 4 spell: Olgreb's Toxic Radiance
 23137 | Lair:3   | Learned a level 6 spell: Poisonous Cloud
 23228 | Lair:7   | Gained mutation: Potions and wands are less effective at restoring your health. [a shining eye]
 23661 | D:11     | Reached skill level 10 in Dodging
 23973 | D:11     | Identified the Reference Book on Summoning
 23977 | D:11     | Learned a level 2 spell: Swiftness
 24619 | D:12     | Got an encrusted war axe
 24620 | D:12     | Identified the cursed +3 war axe of Ose Dipi {chop, rF+ Int+3} (You found it on level 12 of the Dungeon)
 24796 | D:12     | Reached XP level 14. HP: 76/76 MP: 17/34
 25052 | D:12     | Offered knowledge of Lightning Bolt by Vehumet.
 25442 | D:12     | Noticed a tengu reaver
 25457 | D:12     | Killed from afar by a tengu reaver

Vault maps used:
D:1:      dpeg_arrival_orchard, kennysheep_nondescript, minmay_misc_feat_plants
D:2:      nicolae_overflow_crystal_walls, lemuel_crystal_altar, uniq_sigmund,
          uniq_jessica
D:3:      wad_pebble_path, uniq_crazy_yiuf_cottage, uniq_robin, uniq_natasha
D:5:      kennysheep_mini_moat, kennysheep_mini, old_standard_altar,
          serial_shops, nicolae_shop_crystal, first_bread,
          hangedman_decor_clover_reticule
D:6:      cheibriados_altar_1, vehumet_statue, lemuel_crystal_altar,
          minmay_temple_entry_enclosed_plants, uniq_prince_ribbit1
D:7:      kennysheep_little_box, gammafunk_temple_overflow_statue, basic_altar
D:8:      kennysheep_six_static_rooms, grunt_temple_overflow_forces_of_nature,
          elyvilon_altar_5, basic_altar, blue_anna_alchemist,
          hangedman_decor_riveting, uniq_gastronok
D:9:      serial_bayou, serial_bayou_lagoon_b, serial_bayou_pond_d,
          serial_bayou_pond_d, serial_bayou_shore_b, serial_bayou_pond_d,
          serial_bayou_pond_b, st_stairs_10
D:10:     lair_0_dummy, uniq_grum
D:11:     library_closet
D:12:     kennysheep_four_of_diamonds, david_orc_4, nicolae_underground_beach
Temple:   nicolae_temple_hex_pool_5
Lair:1:   beast_lair_carwin_3, infiniplex_staircase_pool_2
Lair:2:   basic_altar, grunt_megastairs_3
Lair:3:   st_stairs_3, minivault_11, beast_lair_carwin_4, lemuel_fruit_tree
Lair:4:   lemuel_ratsnest, minmay_swamp_entry_worms,
          guppyfry_snake_entry_garden, lab_entry_generic, uniq_urug, uniq_sonja
Lair:5:   serial_bayou_shore_b
Lair:7:   slime_altar_1, lightli_volcano_entry_magma_tube, hibernation_bobbens,
          infiniplex_staircase_pool, grunt_megastairs_1
Lab:      nicolae_lab_dead_adventurers
Volcano:  volcano_lake

Action                   |  1- 3 |  4- 6 |  7- 9 | 10-12 | 13-15 || total
-------------------------+-------+-------+-------+-------+-------++-------
Melee: Hand axe          |     9 |    39 |    12 |       |       ||    60
       Quarterstaff      |       |     2 |    40 |    26 |       ||    68
       Dagger            |       |       |     3 |       |       ||     3
       Trident           |       |       |    88 |   666 |    22 ||   776
       Rapier            |       |       |       |    21 |   282 ||   303
 Fire: Blowgun           |       |     5 |    40 |    36 |     7 ||    88
 Cast: Magic Dart        |    65 |   207 |   313 |   240 |    29 ||   854
       Repel Missiles    |     1 |       |     1 |     1 |     1 ||     4
       Mephitic Cloud    |       |     8 |    44 |   178 |    51 ||   281
       Conjure Flame     |       |     1 |     4 |     2 |       ||     7
       Shock             |       |       |    15 |    30 |     4 ||    49
       Ignite Poison     |       |       |       |    57 |    22 ||    79
       Dazzling Spray    |       |       |       |     1 |    10 ||    11
       Throw Icicle      |       |       |       |     4 |       ||     4
       Iskenderun's Myst |       |       |       |     3 |    81 ||    84
       Poisonous Cloud   |       |       |       |       |     1 ||     1
       Swiftness         |       |       |       |       |     1 ||     1
 Abil: Spit Poison       |       |       |       |     3 |       ||     3
Evoke: Wand              |       |       |       |     6 |     2 ||     8
  Use: Scroll            |     1 |     7 |     7 |    15 |     6 ||    36
       Potion            |       |       |     1 |     4 |     2 ||     7
 Stab: Sleeping          |     1 |     4 |     3 |     9 |    12 ||    29
       Confused          |       |       |     6 |    67 |    25 ||    98
       Distracted        |       |       |     1 |     4 |     3 ||     8
  Eat: Chunk             |     1 |    12 |    14 |    35 |    12 ||    74
       Beef jerky        |       |       |     2 |       |     1 ||     3
       Royal jelly       |       |       |     1 |       |       ||     1
       Fruit             |       |       |       |     1 |       ||     1
       Bread ration      |       |       |       |       |     1 ||     1
